| TOP OF THE 1ST |
|
Jackson Generals batting - Pitching for Trenton Thunder : RHP John Robidoux
|
|
Pitching: RHP John Robidoux
|
|
|
Batting: RHB Mike Conaway
|
0-0: Called Strike 0-1: Ball 1-1: Swinging Strike 1-2: Strikes out swinging
|
|
Batting: RHB Ryan Criollo
|
0-0: Ball 1-0: Ball 2-0: Ball 3-0: Called Strike 3-1: Foul Ball, location: 2F 3-2: Foul Ball, location: 2F 3-2: Strikes out swinging
|
|
Batting: RHB Kinzo Yokoyama
|
0-0: Swinging Strike 0-1: Ball 1-1: Called Strike 1-2: SINGLE (Groundball, 3D, EV 100.0 MPH)
|
|
Batting: LHB Chris Jackson
|
0-0: Foul Ball, location: 2F 0-1: Ball 1-1: Called Strike 1-2: Ball 2-2: Strikes out swinging
|
| Top of the 1st over - 0 runs, 1 hit, 0 errors, 1 left on base; Jackson 0 - Trenton 0 |
| BOTTOM OF THE 1ST |
|
Trenton Thunder batting - Pitching for Jackson Generals : RHP Matt Fox
|
|
Pitching: RHP Matt Fox
|
|
|
Batting: RHB Jonathan Iniguez
|
0-0: Foul Ball, location: 2F 0-1: Ball 1-1: Swinging Strike 1-2: Ball 2-2: Foul Ball, location: 2F 2-2: Ball 3-2: Ground out 5-3 (Groundball, 56, EV 103.8 MPH)
|
|
Batting: LHB Steve LeGrand
|
0-0: Swinging Strike 0-1: Foul Ball, location: 2F 0-2: Ball 1-2: Ball 2-2: Ball 3-2: Strikes out swinging
|
|
Batting: LHB Dale Anderson
|
0-0: Swinging Strike 0-1: Ball 1-1: Ball 2-1: Single, Error in OF, E9, batter to second base (Line Drive, 34, EV 100.0 MPH)
|
|
Batting: RHB Sam Hubbert
|
0-0: Ball 1-0: Ground out 6-3 (Groundball, 6, EV 84.4 MPH)
|
| Bottom of the 1st over - 0 runs, 1 hit, 1 error, 1 left on base; Jackson 0 - Trenton 0 |
| TOP OF THE 2ND |
|
Jackson Generals batting - Pitching for Trenton Thunder : RHP John Robidoux
|
|
Batting: RHB Chris Olheiser
|
0-0: Foul Ball, location: 2F 0-1: Ground out U3 (Groundball, 3, EV 86.2 MPH)
|
|
Batting: LHB Jason Kinney
|
0-0: Ball 1-0: Swinging Strike 1-1: Hit by Pitch
|
|
Batting: RHB Enrique Valdez
|
Balk! Jason Kinney to second 0-0: Ball 1-0: Called Strike 1-1: Called Strike 1-2: Foul Ball, location: 2F 1-2: Strikes out swinging
|
|
Batting: RHB Jesus Santiago
|
0-0: Called Strike 0-1: SINGLE (Line Drive, 5D, EV 101.2 MPH) Jason Kinney to third
|
|
Batting: RHB Chris Van Niel
|
0-0: Ball 1-0: Ground out 4-3 (Groundball, 4, EV 79.4 MPH)
|
| Top of the 2nd over - 0 runs, 1 hit, 0 errors, 2 left on base; Jackson 0 - Trenton 0 |
| BOTTOM OF THE 2ND |
|
Trenton Thunder batting - Pitching for Jackson Generals : RHP Matt Fox
|
|
Batting: RHB Elmar Adenauer
|
0-0: SINGLE (Groundball, 34D, EV 94.4 MPH)
|
|
Batting: RHB Phil Reeves
|
0-0: Called Strike 0-1: Hit by Pitch Elmar Adenauer to second
|
|
Batting: RHB Javier Umanzor
|
0-0: Foul Ball, location: 2F 0-1: Swinging Strike 0-2: Ball 1-2: Foul Ball, location: 2F 1-2: Foul Ball, location: 2F 1-2: Foul Ball, location: 2F 1-2: Ball 2-2: Ball 3-2: Foul Ball, location: 2F 3-2: SINGLE (Flyball, 5D, EV 85.0 MPH) Elmar Adenauer to third Phil Reeves to second
|
|
Batting: SHB Houston Phillips
|
0-0: Ball 1-0: Ball 2-0: SINGLE (Groundball, 6M, EV 98.1 MPH) Elmar Adenauer scores Phil Reeves to third Javier Umanzor to second
|
|
Batting: RHB Christian Shearer
|
0-0: Called Strike 0-1: Swinging Strike 0-2: Fly out, F9 (Flyball, 89M, EV 86.2 MPH) Runner from 3rd tags up, SCORES, throw by RF
|
|
Batting: RHB Jonathan Iniguez
|
0-0: Ball 1-0: Ball 2-0: SINGLE (Groundball, 56S, EV 69.4 MPH) (infield hit) Javier Umanzor to third Houston Phillips to second
|
|
Batting: LHB Steve LeGrand
|
0-0: Ball 1-0: Foul Ball, location: 2F 1-1: Ball 2-1: Fly out, F7 (Flyball, 78M, EV 86.9 MPH) Runner from 3rd tags up, SCORES, throw by LF
|
|
Batting: LHB Dale Anderson
|
0-0: Foul Ball, location: 2F 0-1: Ball 1-1: Foul Ball, location: 2F 1-2: Foul Ball, location: 2F 1-2: Ball 2-2: Ball 3-2: Foul Ball, location: 2F 3-2: Ground out U3 (Groundball, 34, EV 102.5 MPH)
|
| Bottom of the 2nd over - 3 runs, 4 hits, 0 errors, 2 left on base; Jackson 0 - Trenton 3 |
| TOP OF THE 3RD |
|
Jackson Generals batting - Pitching for Trenton Thunder : RHP John Robidoux
|
|
Batting: RHB Mike Conaway
|
0-0: Called Strike 0-1: Ball 1-1: Ball 2-1: Ball 3-1: Base on Balls
|
|
Batting: RHB Ryan Criollo
|
0-0: Ball 1-0: Foul Ball, location: 2F 1-1: Swinging Strike 1-2: Ball 2-2: Fly out, F6 (Line Drive, 6M, EV 65.0 MPH)
|
|
Batting: RHB Kinzo Yokoyama
|
0-0: Ball 1-0: Swinging Strike 1-1: Foul Ball, location: 2F 1-2: Strikes out swinging
|
|
Batting: LHB Chris Jackson
|
0-0: Called Strike Mike Conaway steals 2nd base 0-1: Called Strike 0-2: Ball 1-2: Ball 2-2: Ball 3-2: Foul Ball, location: 2F 3-2: Foul Ball, location: 2F 3-2: Foul Ball, location: 2F 3-2: 2-RUN HOME RUN (Line Drive, 7LD, EV 98.8 MPH), Distance : 390 ft
|
|
Batting: RHB Chris Olheiser
|
0-0: Ball 1-0: Ball 2-0: Ball 3-0: Fly out, F7 (Line Drive, 7, EV 90.0 MPH)
|
| Top of the 3rd over - 2 runs, 1 hit, 0 errors, 0 left on base; Jackson 2 - Trenton 3 |
| BOTTOM OF THE 3RD |
|
Trenton Thunder batting - Pitching for Jackson Generals : RHP Matt Fox
|
|
Batting: RHB Sam Hubbert
|
0-0: Called Strike 0-1: Ball 1-1: Ball 2-1: Called Strike 2-2: Ball 3-2: Foul Ball, location: 2F 3-2: Base on Balls
|
|
Batting: RHB Elmar Adenauer
|
0-0: Called Strike 0-1: Called Strike 0-2: Strikes out looking
|
|
Batting: RHB Phil Reeves
|
0-0: Called Strike 0-1: Ball 1-1: Foul Ball, location: 2F 1-2: Foul Ball, location: 2F 1-2: Ball 2-2: Strikes out looking
|
|
Batting: RHB Javier Umanzor
|
0-0: Ball 1-0: Fly out, F8 (Flyball, 78M, EV 84.4 MPH)
|
| Bottom of the 3rd over - 0 runs, 0 hits, 0 errors, 1 left on base; Jackson 2 - Trenton 3 |
| TOP OF THE 4TH |
|
Jackson Generals batting - Pitching for Trenton Thunder : RHP John Robidoux
|
|
Batting: LHB Jason Kinney
|
0-0: Ground out 4-3 (Groundball, 4, EV 103.1 MPH)
|
|
Batting: RHB Enrique Valdez
|
0-0: Called Strike 0-1: Ball 1-1: Swinging Strike 1-2: Strikes out swinging
|
|
Batting: RHB Jesus Santiago
|
0-0: Ball 1-0: Foul Ball, location: 2F 1-1: Ball 2-1: Foul Ball, location: 2F 2-2: Foul Ball, location: 2F 2-2: Strikes out looking
|
| Top of the 4th over - 0 runs, 0 hits, 0 errors, 0 left on base; Jackson 2 - Trenton 3 |
| BOTTOM OF THE 4TH |
|
Trenton Thunder batting - Pitching for Jackson Generals : RHP Matt Fox
|
|
Batting: SHB Houston Phillips
|
0-0: Called Strike 0-1: Foul Ball, location: 2F 0-2: Ball 1-2: Ball 2-2: Fly out, F6 (Flyball, 56D, EV 85.6 MPH)
|
|
Batting: RHB Christian Shearer
|
0-0: Ball 1-0: Ball 2-0: Foul Ball, location: 2F 2-1: Fly out, F7 (Flyball, 78S, EV 83.8 MPH)
|
|
Batting: RHB Jonathan Iniguez
|
0-0: Ball 1-0: Ball 2-0: Foul Ball, location: 2F 2-1: Called Strike 2-2: Fly out, F3 (Popup, 23F, EV 91.9 MPH)
|
| Bottom of the 4th over - 0 runs, 0 hits, 0 errors, 0 left on base; Jackson 2 - Trenton 3 |
| TOP OF THE 5TH |
|
Jackson Generals batting - Pitching for Trenton Thunder : RHP John Robidoux
|
|
Batting: RHB Chris Van Niel
|
0-0: Ball 1-0: Called Strike 1-1: Swinging Strike 1-2: Ball 2-2: Strikes out swinging
|
|
Batting: RHB Mike Conaway
|
0-0: Called Strike 0-1: Ball 1-1: Ball 2-1: Swinging Strike 2-2: Ball 3-2: Ground out 3-1 (Groundball, 34S, EV 71.2 MPH)
|
|
Pitching: RHP Joe Shaw
|
|
|
Batting: RHB Ryan Criollo
|
0-0: Ball 1-0: Ball 2-0: Ball 3-0: Called Strike 3-1: Foul Ball, location: 2F 3-2: Base on Balls
|
|
Batting: RHB Kinzo Yokoyama
|
0-0: Foul Ball, location: 2F 0-1: Swinging Strike 0-2: SINGLE (Line Drive, 56D, EV 100.0 MPH) Ryan Criollo to second Runner from 2nd tries for 3rd, SAFE, throw by LF made to third
|
|
Batting: LHB Chris Jackson
|
0-0: Ball 1-0: SINGLE (Groundball, 4M, EV 101.2 MPH) (infield hit) Ryan Criollo scores Kinzo Yokoyama to second
|
|
Batting: RHB Chris Olheiser
|
0-0: Called Strike 0-1: Ground out 5-3 (Groundball, 56, EV 98.1 MPH)
|
| Top of the 5th over - 1 run, 2 hits, 0 errors, 2 left on base; Jackson 3 - Trenton 3 |
| BOTTOM OF THE 5TH |
|
Trenton Thunder batting - Pitching for Jackson Generals : RHP Matt Fox
|
|
Batting: LHB Steve LeGrand
|
0-0: Called Strike 0-1: Foul Ball, location: 2F 0-2: Strikes out swinging
|
|
Batting: LHB Dale Anderson
|
0-0: Called Strike 0-1: Ball 1-1: Ball 2-1: Called Strike 2-2: Ground out 5-3 (Groundball, 56, EV 108.1 MPH)
|
|
Batting: RHB Sam Hubbert
|
0-0: DOUBLE (Line Drive, 9LM, EV 104.4 MPH)
|
|
Batting: RHB Elmar Adenauer
|
0-0: Ball 1-0: Ball 2-0: Called Strike 2-1: Foul Ball, location: 2F 2-2: Foul Ball, location: 2F 2-2: Foul Ball, location: 2F 2-2: Ball 3-2: Foul Ball, location: 2F 3-2: Foul Ball, location: 2F 3-2: Fly out, F8 (Flyball, 8LD, EV 106.2 MPH)
|
| Bottom of the 5th over - 0 runs, 1 hit, 0 errors, 1 left on base; Jackson 3 - Trenton 3 |
| TOP OF THE 6TH |
|
Jackson Generals batting - Pitching for Trenton Thunder : RHP Joe Shaw
|
|
Batting: LHB Jason Kinney
|
0-0: Called Strike 0-1: Ball 1-1: SINGLE (Line Drive, 5D, EV 95.0 MPH)
|
|
Batting: RHB Enrique Valdez
|
0-0: Ball 1-0: Called Strike 1-1: Fly out, F8 (Flyball, 8LXD, EV 93.1 MPH)
|
|
Batting: RHB Jesus Santiago
|
0-0: Called Strike Jason Kinney steals 2nd, throwing error, E2 Jason Kinney to third 0-1: Foul Ball, location: 2F 0-2: Strikes out looking
|
|
Batting: RHB Chris Van Niel
|
0-0: Ball 1-0: Foul Ball, location: 2F 1-1: Ground out 6-3 (Groundball, 56, EV 102.5 MPH)
|
| Top of the 6th over - 0 runs, 1 hit, 1 error, 1 left on base; Jackson 3 - Trenton 3 |
| BOTTOM OF THE 6TH |
|
Trenton Thunder batting - Pitching for Jackson Generals : RHP Matt Fox
|
|
Pitching: RHP Chris Julien
|
|
|
Pinch Hitting: LHB Justin O'Neal
|
0-0: Foul Ball, location: 2F 0-1: Ball 1-1: Called Strike 1-2: Strikes out swinging
|
|
Batting: RHB Javier Umanzor
|
0-0: Ball 1-0: Called Strike 1-1: Fly out, F9 (Line Drive, 9, EV 108.1 MPH)
|
|
Batting: SHB Houston Phillips
|
0-0: Foul Ball, location: 2F 0-1: Ground out 3-1 (Groundball, 34S, EV 85.0 MPH)
|
| Bottom of the 6th over - 0 runs, 0 hits, 0 errors, 0 left on base; Jackson 3 - Trenton 3 |
| TOP OF THE 7TH |
|
Jackson Generals batting - Pitching for Trenton Thunder : RHP Joe Shaw
|
|
Pitching: RHP David Durr
|
|
|
Now in RF: Bill Nguyen-Tan
|
|
|
Batting: RHB Mike Conaway
|
0-0: Called Strike 0-1: Fly out, F7 (Line Drive, 7LM, EV 92.5 MPH)
|
|
Batting: RHB Ryan Criollo
|
0-0: Foul Ball, location: 2F 0-1: Ball 1-1: Ball 2-1: Fly out, F6 (Flyball, 6MD, EV 89.4 MPH)
|
|
Batting: RHB Kinzo Yokoyama
|
0-0: Ball 1-0: Ball 2-0: Called Strike 2-1: Ball 3-1: Foul Ball, location: 2F 3-2: Ground out 1-3 (Groundball, P, EV 65.6 MPH)
|
| Top of the 7th over - 0 runs, 0 hits, 0 errors, 0 left on base; Jackson 3 - Trenton 3 |
| BOTTOM OF THE 7TH |
|
Trenton Thunder batting - Pitching for Jackson Generals : RHP Chris Julien
|
|
Batting: RHB Christian Shearer
|
0-0: Ground out 1-3 (Groundball, 15S, EV 69.4 MPH)
|
|
Batting: RHB Jonathan Iniguez
|
0-0: Called Strike 0-1: Ball 1-1: Called Strike 1-2: Ball 2-2: Foul Ball, location: 2F 2-2: Strikes out swinging
|
|
Batting: LHB Steve LeGrand
|
0-0: Ground out 6-3 (Groundball, 6, EV 88.1 MPH)
|
| Bottom of the 7th over - 0 runs, 0 hits, 0 errors, 0 left on base; Jackson 3 - Trenton 3 |
| TOP OF THE 8TH |
|
Jackson Generals batting - Pitching for Trenton Thunder : RHP David Durr
|
|
Pitching: RHP Jarred Sharp
|
|
|
Batting: LHB Chris Jackson
|
0-0: Foul Ball, location: 2F 0-1: Foul Ball, location: 2F 0-2: Ball 1-2: Strikes out looking
|
|
Batting: RHB Chris Olheiser
|
0-0: SINGLE (Flyball, 78S, EV 91.9 MPH)
|
|
Batting: LHB Jason Kinney
|
0-0: Ball 1-0: Swinging Strike 1-1: Swinging Strike 1-2: Ball 2-2: Hit by Pitch Chris Olheiser to second
|
|
Batting: RHB Enrique Valdez
|
0-0: Ball 1-0: Foul Ball, location: 2F 1-1: Bunted foul 1-2: Fielders Choice at 2nd, 6-4 (Groundball, 6, EV 83.1 MPH) Chris Olheiser to third
|
|
Batting: RHB Jesus Santiago
|
0-0: Called Strike 0-1: Ball 1-1: Swinging Strike 1-2: Strikes out looking
|
| Top of the 8th over - 0 runs, 1 hit, 0 errors, 2 left on base; Jackson 3 - Trenton 3 |
| BOTTOM OF THE 8TH |
|
Trenton Thunder batting - Pitching for Jackson Generals : RHP Chris Julien
|
|
Pitching: RHP Marvin Velasco
|
|
|
Batting: LHB Dale Anderson
|
0-0: Swinging Strike 0-1: Ball 1-1: Ball 2-1: Ground out 4-3 (Groundball, 4, EV 106.2 MPH)
|
|
Pinch Hitting: SHB Corey Penson
|
0-0: Ground out 4-3 (Groundball, 4, EV 81.2 MPH)
|
|
Pinch Hitting: LHB Jared Zulkowski
|
0-0: Ball 1-0: Ball 2-0: Called Strike 2-1: Foul Ball, location: 2F 2-2: Foul Ball, location: 2F 2-2: Ball 3-2: Strikes out swinging
|
| Bottom of the 8th over - 0 runs, 0 hits, 0 errors, 0 left on base; Jackson 3 - Trenton 3 |
| TOP OF THE 9TH |
|
Jackson Generals batting - Pitching for Trenton Thunder : RHP Jarred Sharp
|
|
Pitching: RHP Antonio Castillo
|
|
|
Now at 1B: Corey Penson
|
|
|
Now at 3B: Ben Kidder
|
|
|
Batting: RHB Chris Van Niel
|
0-0: Ball 1-0: Foul Ball, location: 2F 1-1: Ball 2-1: Ball 3-1: Called Strike 3-2: Strikes out looking
|
|
Batting: RHB Mike Conaway
|
0-0: Fly out, F9 (Flyball, 89D, EV 96.9 MPH)
|
|
Batting: RHB Ryan Criollo
|
0-0: Ball 1-0: Ball 2-0: Called Strike 2-1: SINGLE (Groundball, 34D, EV 94.4 MPH)
|
|
Batting: RHB Kinzo Yokoyama
|
0-0: Ball 1-0: Fly out, F8 (Flyball, 8LD, EV 85.6 MPH)
|
| Top of the 9th over - 0 runs, 1 hit, 0 errors, 1 left on base; Jackson 3 - Trenton 3 |
| BOTTOM OF THE 9TH |
|
Trenton Thunder batting - Pitching for Jackson Generals : RHP Marvin Velasco
|
|
Batting: RHB Bill Nguyen-Tan
|
0-0: SINGLE (Groundball, 6MS, EV 70.6 MPH) (infield hit)
|
|
Batting: RHB Javier Umanzor
|
0-0: Ball 1-0: Called Strike 1-1: Swinging Strike 1-2: Strikes out swinging
|
|
Batting: SHB Houston Phillips
|
0-0: Ball Bill Nguyen-Tan is caught stealing 2nd base 2-6 1-0: SINGLE (Line Drive, 78S, EV 85.6 MPH)
|
|
Batting: RHB Christian Shearer
|
0-0: Fly out, F8 (Flyball, 8RS, EV 85.0 MPH)
|
| Bottom of the 9th over - 0 runs, 2 hits, 0 errors, 1 left on base; Jackson 3 - Trenton 3 |
| TOP OF THE 10TH |
|
Jackson Generals batting - Pitching for Trenton Thunder : RHP Antonio Castillo
|
|
Batting: LHB Chris Jackson
|
0-0: Foul Ball, location: 2F 0-1: Ball 1-1: Called Strike 1-2: Strikes out swinging
|
|
Batting: RHB Chris Olheiser
|
0-0: DOUBLE (Line Drive, 7LM, EV 88.8 MPH)
|
|
Batting: LHB Jason Kinney
|
0-0: Swinging Strike 0-1: Ball 1-1: Foul Ball, location: 2F 1-2: Foul Ball, location: 2F 1-2: Strikes out swinging
|
|
Batting: RHB Enrique Valdez
|
0-0: Intentional Walk
|
|
Pinch Hitting: RHB Adan Lake
|
0-0: Ball 1-0: Called Strike 1-1: Swinging Strike 1-2: Ball 2-2: Fielders Choice at 2nd, 5-4 (Groundball, 56, EV 99.4 MPH)
|
| Top of the 10th over - 0 runs, 1 hit, 0 errors, 2 left on base; Jackson 3 - Trenton 3 |
| BOTTOM OF THE 10TH |
|
Trenton Thunder batting - Pitching for Jackson Generals : RHP Marvin Velasco
|
|
Pitching: RHP Kyle Wood
|
|
|
Now at 3B: Chris Van Niel
|
|
|
Now at SS: Paul Shell
|
|
|
Batting: RHB Jonathan Iniguez
|
0-0: Called Strike 0-1: Ball 1-1: Called Strike 1-2: Foul Ball, location: 2F 1-2: Foul Ball, location: 2F 1-2: Ball 2-2: Foul Ball, location: 2F 2-2: Foul Ball, location: 2F 2-2: Fly out, F7 (Line Drive, 7, EV 103.1 MPH)
|
|
Batting: LHB Steve LeGrand
|
0-0: Ball 1-0: Ball 2-0: Called Strike 2-1: SINGLE (Groundball, 34S, EV 72.5 MPH) (infield hit)
|
|
Batting: LHB Dale Anderson
|
0-0: Swinging Strike 0-1: Ball 1-1: DOUBLE (Flyball, 8RXD, EV 86.9 MPH) Steve LeGrand to third
|
|
Batting: SHB Corey Penson
|
0-0: Intentional Walk
|
|
Pinch Hitting: RHB Bryan Westray
|
0-0: Called Strike 0-1: Swinging Strike 0-2: Foul Ball, location: 2F 0-2: Grounds into double play, 4-2-3 (Groundball, 34, EV 86.9 MPH)
|
| Bottom of the 10th over - 0 runs, 2 hits, 0 errors, 2 left on base; Jackson 3 - Trenton 3 |
| TOP OF THE 11TH |
|
Jackson Generals batting - Pitching for Trenton Thunder : RHP Antonio Castillo
|
|
Now at 3B: Roberto Tena
|
|
|
Batting: RHB Chris Van Niel
|
0-0: Ball 1-0: Ball 2-0: Swinging Strike 2-1: Ball 3-1: TRIPLE (Flyball, 8RXD, EV 85.6 MPH)
|
|
Pinch Runner at 3rd Jeff Cox:
|
|
|
Batting: RHB Mike Conaway
|
0-0: Fly out, F8 (Flyball, 8LD, EV 91.9 MPH) Runner from 3rd tags up, SCORES, throw by CF
|
|
Batting: RHB Ryan Criollo
|
0-0: Ground out 4-3 (Groundball, 4, EV 93.1 MPH)
|
|
Batting: RHB Kinzo Yokoyama
|
0-0: Called Strike 0-1: Called Strike 0-2: Ball 1-2: Ball 2-2: Foul Ball, location: 2F 2-2: Strikes out looking
|
| Top of the 11th over - 1 run, 1 hit, 0 errors, 0 left on base; Jackson 4 - Trenton 3 |
| BOTTOM OF THE 11TH |
|
Trenton Thunder batting - Pitching for Jackson Generals : RHP Kyle Wood
|
|
Pitching: RHP Francisco Castillo
|
|
|
Now at 3B: Jeff Cox
|
|
|
Batting: RHB Bill Nguyen-Tan
|
0-0: Called Strike 0-1: SINGLE (Groundball, 56D, EV 106.9 MPH)
|
|
Batting: RHB Javier Umanzor
|
0-0: SINGLE (Line Drive, 34D, EV 97.5 MPH) Bill Nguyen-Tan to second Runner from 2nd tries for 3rd, SAFE, throw by RF made to third
|
|
Batting: SHB Houston Phillips
|
0-0: Ball 1-0: SINGLE (Groundball, 34D, EV 80.0 MPH) (infield hit) Bill Nguyen-Tan scores Javier Umanzor to second
|
|
Batting: RHB Christian Shearer
|
0-0: Called Strike 0-1: Ball 1-1: Fielders Choice at 2nd, 3-6 (Groundball, 34, EV 102.5 MPH) Javier Umanzor to third
|
|
Batting: RHB Jonathan Iniguez
|
0-0: Foul Ball, location: 2F 0-1: Ball 1-1: Swinging Strike 1-2: Strikes out looking
|
|
Batting: LHB Steve LeGrand
|
0-0: Ball 1-0: Ball 2-0: Foul Ball, location: 2F 2-1: Foul Ball, location: 2F 2-2: Ball 3-2: Foul Ball, location: 2F 3-2: Foul Ball, location: 2F 3-2: Foul Ball, location: 2F 3-2: Base on Balls Christian Shearer to second
|
|
Batting: LHB Dale Anderson
|
0-0: Foul Ball, location: 2F 0-1: Swinging Strike 0-2: Ball 1-2: Ball 2-2: Ball 3-2: Foul Ball, location: 2F 3-2: Strikes out swinging
|
| Bottom of the 11th over - 1 run, 3 hits, 0 errors, 3 left on base; Jackson 4 - Trenton 4 |
| TOP OF THE 12TH |
|
Jackson Generals batting - Pitching for Trenton Thunder : RHP Antonio Castillo
|
|
Pitching: LHP Jon Moore
|
|
|
Batting: LHB Chris Jackson
|
0-0: Ball 1-0: Ball 2-0: Ground out 5-3 (Groundball, 56, EV 88.8 MPH)
|
|
Batting: RHB Chris Olheiser
|
0-0: Fly out, F8 (Flyball, 78S, EV 80.6 MPH)
|
|
Batting: LHB Jason Kinney
|
0-0: Called Strike 0-1: SINGLE (Groundball, 4MD, EV 102.5 MPH)
|
|
Batting: RHB Enrique Valdez
|
0-0: Called Strike 0-1: Foul Ball, location: 2F 0-2: Ball 1-2: Ball 2-2: Strikes out looking
|
| Top of the 12th over - 0 runs, 1 hit, 0 errors, 1 left on base; Jackson 4 - Trenton 4 |
| BOTTOM OF THE 12TH |
|
Trenton Thunder batting - Pitching for Jackson Generals : RHP Francisco Castillo
|
|
Batting: SHB Corey Penson
|
0-0: Ball 1-0: Swinging Strike 1-1: Swinging Strike 1-2: Strikes out swinging
|
|
Batting: RHB Roberto Tena
|
0-0: Ball 1-0: Fly out, F8 (Flyball, 8RXD, EV 91.9 MPH)
|
|
Batting: RHB Bill Nguyen-Tan
|
0-0: Called Strike 0-1: Ball 1-1: Ball 2-1: Swinging Strike 2-2: Fly out, F4 (Popup, 34, EV 61.2 MPH)
|
| Bottom of the 12th over - 0 runs, 0 hits, 0 errors, 0 left on base; Jackson 4 - Trenton 4 |
| TOP OF THE 13TH |
|
Jackson Generals batting - Pitching for Trenton Thunder : LHP Jon Moore
|
|
Batting: RHB Paul Shell
|
0-0: Called Strike 0-1: Called Strike 0-2: Strikes out swinging
|
|
Batting: RHB Jeff Cox
|
0-0: Ball 1-0: Ground out 5-3 (Groundball, 5, EV 106.2 MPH)
|
|
Batting: RHB Mike Conaway
|
0-0: DOUBLE (Flyball, 8LXD, EV 95.0 MPH)
|
|
Batting: RHB Ryan Criollo
|
0-0: Ball 1-0: Called Strike 1-1: Swinging Strike 1-2: Foul Ball, location: 2F 1-2: SINGLE (Groundball, 4MS, EV 67.5 MPH) (infield hit) Mike Conaway to third
|
|
Pitching: RHP Jimmy Wilder
|
|
|
Batting: RHB Kinzo Yokoyama
|
0-0: SINGLE (Line Drive, 7LM, EV 112.5 MPH) Mike Conaway scores Ryan Criollo to second Runner from 2nd tries for 3rd, SAFE, throw by LF made to third Kinzo Yokoyama to second
|
|
Batting: LHB Chris Jackson
|
0-0: Foul Ball, location: 2F 0-1: Foul Ball, location: 2F 0-2: Fly out, F8 (Flyball, 78S, EV 91.2 MPH)
|
| Top of the 13th over - 1 run, 3 hits, 0 errors, 2 left on base; Jackson 5 - Trenton 4 |
| BOTTOM OF THE 13TH |
|
Trenton Thunder batting - Pitching for Jackson Generals : RHP Francisco Castillo
|
|
Batting: RHB Javier Umanzor
|
0-0: Called Strike 0-1: Fly out, F8 (Line Drive, 8LM, EV 90.6 MPH)
|
|
Batting: SHB Houston Phillips
|
0-0: SINGLE (Line Drive, 6MD, EV 98.8 MPH)
|
|
Batting: RHB Christian Shearer
|
0-0: Called Strike 0-1: Swinging Strike 0-2: Strikes out looking
|
|
Batting: RHB Jonathan Iniguez
|
0-0: Swinging Strike 0-1: Swinging Strike 0-2: Ball 1-2: Strikes out swinging
|
| Bottom of the 13th over - 0 runs, 1 hit, 0 errors, 1 left on base; Jackson 5 - Trenton 4 |
|